 Dungeon Crawl Stone Soup version 0.15.1-4-gac8487e (webtiles) character file.

123 Heini the Covered (level 4, -1/41 HPs)
             Began as a Minotaur Fighter on Oct 13, 2014.
             Slain by Prince Ribbit (12 damage)
             ... on Level 4 of the Dungeon.
             The game lasted 00:05:32 (2234 turns).

Heini the Covered (Minotaur Fighter)                Turns: 2234, Time: 00:05:32

HP  -1/41        AC  7     Str 21      XL: 4   Next: 80%
MP   2/2         EV  6     Int  5      God:
Gold 258         SH 10     Dex 10      Spells:  0 memorised,  3 levels left

rFire  . . .     SeeInvis .     a - +1 flail
rCold  . . .     Clarity  .     b - +0 scale mail
rNeg   . . .     rCorr    .     c - +1 shield
rPois  .         rRot     .     (helmet restricted)
rElec  .         Spirit   .     (no cloak)
SustAb .         Warding  .     (no gloves)
rMut   .         Stasis   .     (no boots)
Gourm  .                        (no amulet)
MR     .....                    (no ring)
                                (no ring)

@: not resistant to hostile enchantments, extremely unstealthy
A: retaliatory headbutt, horns 2
a: no special abilities


You were on level 4 of the Dungeon.
You were not hungry.

You visited 1 branch of the dungeon, and saw 5 of its levels.

You collected 258 gold pieces.

Inventory:

Hand weapons
 a - a +1 flail (weapon)
Armour
 b - a +0 scale mail (worn)
 c - a +1 shield (worn)
Magical devices
 u - a wand of fire (8) {unknown}
 v - a wand of frost (9) {unknown}
 x - a wand of paralysis (8) {unknown}
Comestibles
 d - 2 bread rations
 i - a meat ration
 m - a slice of pizza
 p - 3 fruits
 t - a rotting chunk of orc flesh
Scrolls
 f - a scroll of magic mapping
 h - 3 scrolls of remove curse
 q - a scroll of enchant weapon
 r - 2 scrolls of enchant armour
 s - 2 scrolls of amnesia
 w - a scroll of teleportation
 z - a scroll of noise
Jewellery
 y - an uncursed ring of flight {unknown}
 A - an uncursed ring of flight {unknown}
Potions
 e - 3 potions of might
 g - a potion of cancellation {unknown}
 j - a potion of heal wounds {unknown}
 k - 2 potions of resistance
 l - a potion of curing {unknown}
 n - a potion of brilliance {unknown}
 o - 3 potions of magic


   Skills:
 * Level 4.6 Fighting
 * Level 3.4 Maces & Flails
 * Level 5.5 Armour
 - Level 3.6 Shields


You had 3 spell levels left.
You didn't know any spells.

Dungeon Overview and Level Annotations

Branches:
Dungeon (5/15)
 Temple: D:4-7

Altars:
Elyvilon
Fedhas

Annotations:
D:4 Prince Ribbit


Innate Abilities, Weirdness & Mutations

You reflexively headbutt those who attack you in melee.
You have a pair of horns on your head.


Message History

You open the door. You block the jackal's attack.
There is an open door here.
Prince Ribbit catches a fly with his tongue.
You block the jackal's attack.
The jackal stops to sniff the ground.
The jackal bites you but does no damage.
Prince Ribbit blinks!
The jackal bites you but does no damage.
There is a stone staircase leading up here.
Prince Ribbit completely misses you. You furiously retaliate!
You headbutt Prince Ribbit!
The jackal bites you but does no damage.
You climb upwards.
There is a stone staircase leading down here.
You block Prince Ribbit's attack. You block the jackal's attack.
Prince Ribbit hits you but does no damage.
You block Prince Ribbit's attack.
The jackal bites you but does no damage.
Prince Ribbit hits you!
You die...

############
###..........###
####...............
#####...............###
#........#..........#
#........#..........#
#........#..........###
#..>.F@.<+.............
#....h...#..........###
#...................#
###'###.............#
#.# #.............# #.#
#..........(..# #.#
#...#'######### #.#
#...#.# #....####
#.###<..#.###........


You could see Prince Ribbit and a jackal.

Vanquished Creatures
  3 adders
  4 worms
  4 giant geckos
  2 oozes
  7 orcs
  3 bats
  8 hobgoblins
  7 jackals
  6 kobolds
  A ball python (D:4)
  2 giant cockroaches
  2 giant newts (D:2)
  5 goblins
  4 quokkas
  4 rats
62 creatures vanquished.

Notes
Turn   | Place    | Note
--------------------------------------------------------------
     0 | D:1      | Heini, the Minotaur Fighter, began the quest for the Orb.
     0 | D:1      | Reached XP level 1. HP: 19/19 MP: 1/1
   115 | D:1      | Reached skill level 4 in Armour
   117 | D:1      | Reached XP level 2. HP: 21/27 MP: 1/1
   604 | D:2      | Reached XP level 3. HP: 33/33 MP: 2/2
   930 | D:3      | Reached skill level 5 in Armour
   946 | D:3      | Reached XP level 4. HP: 33/41 MP: 2/2
  1485 | D:4      | Found a white marble altar of Elyvilon.
  2121 | D:5      | Entered Level 5 of the Dungeon
  2121 | D:5      | Found a blossoming altar of Fedhas.
  2202 | D:5      | Noticed Prince Ribbit
  2234 | D:4      | Slain by Prince Ribbit

Action                   |  1- 3 |  4- 6 || total
-------------------------+-------+-------++-------
Melee: Flail             |   107 |    57 ||   164
  Use: Scroll            |     5 |     6 ||    11
  Eat: Chunk             |       |     4 ||     4
